 Dungeon Crawl Stone Soup version 0.27-a0-1438-g9b7c6745da (webtiles) character file.

Game seed: 13685608269867363169

2604 AarnesTheHuman the Blocker (level 9, -3/75 HPs)
             Began as a Formicid Fighter on July 4, 2021.
             Slain by a killer bee (8 damage)
             ... on level 9 of the Dungeon.
             The game lasted 00:14:26 (6226 turns).

AarnesTheHuman the Blocker (Formicid Fighter)       Turns: 6226, Time: 00:14:27

Health: -3/75      AC: 11    Str: 29    XL:     9   Next: 90%
Magic:  9/9        EV: 10    Int: 15    God:
Gold:   250        SH: 13    Dex: 10    Spells: 8/8 levels left

rFire    . . .     SeeInvis +   q - +2 rapier (venom)
rCold    . . .     Faith    .   c - +1 kite shield
rNeg     . . .     Spirit   .   x - +0 swamp dragon scales
rPois    +         Reflect  .   (helmet unavailable)
rElec    .         Harm     .   w - scarf {repulsion}
rCorr    .         Rampage  .   y - +0 pair of gloves
Will     .....                  (no boots)
Stlth    ..........             f - amulet of regeneration
HPRegen  1.22/turn              u - +6 ring of strength
MPRegen  0.11/turn              r - +6 ring of intelligence

@: mighty, lethally poisoned (-3 -> -4), repel missiles
A: permanent stasis, dig shafts and tunnels, antennae 3, four strong arms
a: Dig, Shaft Self


You were on level 9 of the Dungeon.
You visited 1 branch of the dungeon, and saw 7 of its levels.

You collected 250 gold pieces.

Inventory:

Hand Weapons
 a - a +0 long sword
 q - a +2 rapier of venom (weapon)
Missiles
 k - 24 poisoned darts (quivered)
Armour
 b - a +0 scale mail
 c - a +1 kite shield (worn)
 w - a scarf of repulsion (worn)
 x - +0 swamp dragon scales (worn)
 y - a +0 pair of gloves (worn)
Jewellery
 f - an amulet of regeneration (around neck)
 i - a ring of wizardry
 r - a +6 ring of intelligence (right hand)
 s - a ring of protection from fire
 u - a +6 ring of strength (left hand)
Wands
 v - a wand of iceblast (10)
Scrolls
 e - a scroll of immolation {unknown}
 j - a scroll of amnesia
 n - a scroll of summoning
 o - 2 scrolls of enchant weapon
Potions
 d - 2 potions of might
 g - a potion of flight {unknown}
 h - 2 potions of brilliance
 l - a potion of resistance {unknown}
 m - 4 potions of lignification
 p - 4 potions of curing {unknown}
 t - 2 potions of magic
 z - a potion of heal wounds


   Skills:
 + Level 8.5 Fighting
 - Level 2.0(3.0) Short Blades
 - Level 3.2(3.5) Long Blades
 + Level 8.6 Armour
 - Level 9.0 Shields


You had 8 spell levels left.
You didn't know any spells.
Your spell library contained the following spells:

 Spells                   Type           Power      Damage    Failure   Level
 Magic Dart               Conj           0%         1d3       36%         1
 Searing Ray              Conj           0%         3d3       50%         2
 Dazzling Flash           Conj/Hex       0%         N/A       73%         3
 Gell's Gravitas          Tloc           0%         N/A       73%         3
 Inner Flame              Hex/Fire       0%         N/A       73%         3
 Teleport Other           Tloc           0%         N/A       73%         3
 Tukima's Dance           Hex            0%         N/A       73%         3
 Cause Fear               Hex            0%         N/A       98%         4
 Fulminant Prism          Conj/Hex       0%         3d6       98%         4
 Iskenderun's Mystic Bla  Conj/Tloc      0%         2d3       98%         4
 Passage of Golubria      Tloc           N/A        N/A       98%         4
 Yara's Violent Unravell  Hex/Tmut       0%         3d3       100%        5
 Dispersal                Tloc           0%         N/A       100%        6
 Starburst                Conj/Fire      0%         8x6d3     100%        6
 Discord                  Hex            0%         N/A       100%        8


Dungeon Overview and Level Annotations

Branches:
Dungeon (6/15)
 Temple: D:4-7

Altars:
Ashenzari
Cheibriados
Kikubaaqudgha
Uskayaw
Vehumet


Innate Abilities, Weirdness & Mutations

You cannot be hasted, slowed, berserked, paralysed or teleported.
You can dig through walls and to a lower floor.
You have a pair of large antennae on your head. (SInv)
Your four strong arms can wield two-handed weapons with a shield.


Message History

You puncture the killer bee!
The killer bee is poisoned.
The killer bee is almost dead.
You feel sick.
You kill the killer bee!
The killer bee stings you! You block the killer bee's attack.
The killer bee closely misses you. You block the killer bee's attack.
The killer bee stings you.
You are more poisoned.
The killer bee poisons you!
The killer bee stings you but does no damage.
The killer bee stings you!
* * * LOW HITPOINT WARNING * * *
The killer bee barely misses you.
The killer bee stings you but does no damage.
You feel very sick. You block the killer bee's attack.
The killer bee stings you but does no damage.
The killer bee stings you.
* * * LOW HITPOINT WARNING * * *
The killer bee stings you.
* * * LOW HITPOINT WARNING * * *
You block the killer bee's attack.
The killer bee stings you but does no damage.
Things that are here:
a +0 whip; a +0 leather armour; a killer bee corpse You open the door.
You feel very sick. You block the killer bee's attack.
The killer bee stings you.
* * * LOW HITPOINT WARNING * * *
The killer bee stings you but does no damage.
The killer bee stings you.
* * * LOW HITPOINT WARNING * * *
The killer bee barely misses you.
The killer bee stings you but does no damage.
The killer bee closely misses you. You block the killer bee's attack.
You feel sick. The killer bee closely misses you.
The orc wizard gestures wildly while chanting.
The orc wizard flickers and vanishes for a moment.
The killer bee stings you!
You die...

.........# .......##
.........# #........
.........# #........
.........##########!.......
...............)...........
................o.........#
..######.......y..........#
.. #......oyyy........# .
#..######@####.....#
+..#.........#.....#
#..#.........#.....#
#..#.........#.....#
#..#.........# ...
#.........# #.........#
#.........#


You could see 4 killer bees, an orc wizard (invisible) and an orc.

Vanquished Creatures
  Pikel (D:5)
  Maggie (D:5)
  Grinder (D:4)
  A vampire (D:9)
  Sigmund (D:5)
  Duvessa (D:6)
  A sky beast (D:3)
  2 ogres
  A phantom (D:4)
  A scorpion (D:4)
  Dowan (D:6)
  A water moccasin skeleton (D:5)
  2 killer bees (D:9)
  A wight (D:5)
  A howler monkey (D:4)
  A centaur zombie (D:9)
  2 bullfrog zombies (D:5)
  2 jellies
  2 centaur skeletons (D:6)
  3 hounds
  Terence (D:3)
  An iguana (D:4)
  Ijyb (D:4)
  An orc wizard (D:9)
  A hound skeleton (D:5)
  A mummy (D:6)
  3 gnolls (D:3)
  8 adders
  A white imp (D:5)
  3 worms
  3 dart slugs
  4 orcs
  4 ball pythons
  7 endoplasms
  4 giant cockroaches
  4 goblins
  5 hobgoblins
  3 jackals (D:1)
  8 quokkas
  4 bats
  3 frilled lizards
  5 kobolds
  6 rats
108 creatures vanquished.

Vanquished Creatures (others)
  An endoplasm (D:4)
  4 plants (D:6)
5 creatures vanquished.

Grand Total: 113 creatures vanquished

Notes
Turn   | Place    | Note
-------+----------+-------------------------------------------
     0 | D:1      | AarnesTheHuman the Formicid Fighter began the quest for the
                  | Orb.
     0 | D:1      | Reached XP level 1. HP: 18/18 MP: 1/1
   127 | D:1      | Reached XP level 2. HP: 24/24 MP: 2/2
   208 | D:1      | Reached skill level 4 in Shields
   477 | D:1      | Reached XP level 3. HP: 24/29 MP: 3/3
  1079 | D:2      | Reached XP level 4. HP: 37/37 MP: 4/4
  1741 | D:3      | Found a radiant altar of Vehumet.
  1783 | D:3      | Found an ancient bone altar of Kikubaaqudgha.
  1784 | D:3      | Noticed Terence
  1797 | D:3      | Killed Terence
  1798 | D:3      | Reached XP level 5. HP: 23/42 MP: 5/5
  2081 | D:3      | Noticed a sky beast
  2100 | D:3      | Killed a sky beast
  2101 | D:3      | Reached skill level 5 in Shields
  2101 | D:3      | Reached XP level 6. HP: 23/48 MP: 6/6
  2468 | D:3      | Found a faded altar of an unknown god.
  2782 | D:4      | Found a broken altar of Ashenzari.
  2825 | D:4      | Noticed an ogre
  2830 | D:4      | Reached skill level 6 in Shields
  2847 | D:3      | Reached skill level 1 in Short Blades
  2847 | D:3      | Reached XP level 7. HP: 16/55 MP: 7/7
  3298 | D:4      | Noticed Grinder
  3320 | D:4      | Killed Grinder
  3321 | D:4      | Reached skill level 5 in Fighting
  3321 | D:4      | Reached skill level 5 in Armour
  3321 | D:4      | Reached skill level 7 in Shields
  3447 | D:4      | Noticed Ijyb
  3461 | D:4      | Killed Ijyb
  3462 | D:4      | Reached XP level 8. HP: 34/62 MP: 8/8
  4208 | D:5      | Entered Level 5 of the Dungeon
  4208 | D:5      | Noticed Sigmund
  4585 | D:4      | Reached skill level 8 in Shields
  4886 | D:5      | Found a hide-covered altar of Uskayaw.
  4886 | D:5      | Noticed a +0 dagger
  4886 | D:5      | Noticed a +0 dagger
  5248 | D:5      | Killed Sigmund
  5395 | D:5      | Reached skill level 9 in Shields
  5507 | D:6      | Noticed Pikel
  5507 | D:6      | Noticed Maggie
  5527 | D:5      | Killed Maggie
  5528 | D:5      | Reached XP level 9. HP: 21/71 MP: 9/9
  5677 | D:5      | Killed Pikel
  5813 | D:6      | Noticed Dowan
  5813 | D:6      | Noticed Duvessa
  5837 | D:6      | Killed Dowan
  6009 | D:6      | Killed Duvessa
  6126 | D:6      | Found a snail-covered altar of Cheibriados.
  6154 | D:6      | You fall into a shaft and drop 3 floors!
  6226 | D:9      | Slain by a killer bee

Illustrated notes

Levels and vault maps discovered:
D:1:      lightli_arrival_statue_moat, layout_loops_ring
D:2:      layout_basic
D:3:      layout_rooms, old_standard_altar, lemuel_crystal_altar,
          hellmonk_ecumenical_altar_crossroads, uniq_terence
D:4:      layout_rooms, ashenzari_altar_1, lemuel_flame_loot_1, uniq_grinder,
          uniq_ijyb
D:5:      layout_basic, dancing_weapons_uskayaw, uniq_sigmund
D:6:      layout_rooms, fedhas_altar_1, chei_slow_surprise, uniq_pikel,
          uniq_edmund, uniq_duvessa, uniq_maggie
D:9:      layout_irregular_city, minivault_26

Skill      XL: |  1  2  3  4  5  6  7  8  9 |
---------------+----------------------------+-----
Shields        | 4 5 6 7 9 |  9.0
Fighting       | 4 5 6 8 |  8.5
Long Blades    | 3 |  3.2
Armour         | 4 5 6 8 |  8.6
Short Blades   | 1 2 |  2.0

Action                   |  1- 3 |  4- 6 |  7- 9 || total
-------------------------+-------+-------+-------++-------
Melee: Long sword        |    66 |   127 |       ||   193
       Rapier            |       |    21 |   214 ||   235
Throw: Dart              |       |       |    43 ||    43
 Abil: Dig               |       |     2 |       ||     2
  Use: Scroll            |       |       |    12 ||    12
       Potion            |       |       |     1 ||     1
Armor: Scale mail        |    37 |    63 |    41 ||   141
       Swamp dragon scal |       |       |    41 ||    41
Dodge: Dodged            |    20 |    50 |    81 ||   151
       Repelled          |       |       |     1 ||     1
Block: Kite shield       |    39 |    86 |   147 ||   272
       Rpst.: Long sword |     8 |    13 |       ||    21

Table legend: (Time is in decaauts)
 A = Elapsed time spent in this place.
 B = Non-inter-level travel time spent in this place.
 C = Inter-level travel time spent in this place.
 D = Time resting spent in this place.
 E = Time spent auto-exploring this place.
 F = Levels seen in this place.
 G = Mean time per level.
                   A        B        C        D        E       F      G
               +--------+--------+--------+--------+--------+-----+--------+
         Total |   6338 |   6037 |    301 |   1280 |   3425 |   7 |  905.4 |
       Dungeon |   6338 |   6037 |    301 |   1280 |   3425 |   7 |  905.4 |
               +--------+--------+--------+--------+--------+-----+--------+

Top non-repeatable levels by time:
     D:4: 1420 daAuts
     D:3: 1365 daAuts
     D:5: 1335 daAuts
     D:1: 947 daAuts
     D:2: 840 daAuts
     D:6: 355 daAuts
     D:9: 72 daAuts
